 Dungeon Crawl Stone Soup version 0.30-a0-168-g0b976cbdc4 (webtiles) character file.

Game seed: 13926260222276398275

3567 Pooter the Cleaver (level 9, -2/81 HPs)
             Began as a Minotaur Berserker on Sept 29, 2022.
             Was an Elder of Trog.
             Slain by a lemure (7 damage)
             ... led by Pikel
             ... on level 9 of the Dungeon.
             The game lasted 00:24:10 (7833 turns).

Pooter the Cleaver (Minotaur Berserker)             Turns: 7833, Time: 00:24:10

Health: -2/81      AC:  8    Str: 25    XL:     9   Next: 84%
Magic:  8/8        EV: 12    Int:  4    God:    Trog [****..]
Gold:   396        SH:  0    Dex: 11    Spells: 8/8 levels left

rFire   . . .      SeeInvis .    a - +2 battleaxe
rCold   . . .      Faith    +    (shield currently unavailable)
rNeg    . . .      Spirit   .    i - +0 plate armour
rPois   .          Reflect  .    (helmet restricted)
rElec   .          Harm     .    p - scarf {+Inv}
rCorr   .          Rampage  .    (no gloves)
Will    ++...                    j - +0 pair of boots
Stlth   ..........               d - amulet of faith {!P}
HPRegen 1.23/turn                B - +4 ring of slaying
MPRegen 0.11/turn                L - +4 ring of evasion

@: strong-willed, corroded, on berserk cooldown, regenerating, slowed, very slow
A: horns 2, retaliatory headbutt
a: Renounce Religion, Evoke Invisibility, Berserk, Trog's Hand, Brothers in Arms


You were on level 9 of the Dungeon.
You worshipped Trog.
Trog was greatly pleased with you.
You visited 1 branch of the dungeon, and saw 9 of its levels.

You collected 396 gold pieces.

Inventory:

Hand Weapons
 a - a +2 battleaxe (weapon)
   (You found it on level 4 of the Dungeon)
 b - a +0 shortbow
   (You took it off a centaur on level 6 of the Dungeon)
 l - a +0 morningstar
   (You took it off an orc on level 4 of the Dungeon)
 q - a +0 war axe
   (You took it off a kobold on level 4 of the Dungeon)
Missiles
 c - 7 boomerangs (quivered)
 r - a throwing net {!f}
 F - 5 poisoned darts
 I - a curare-tipped dart
 Q - 81 stones
Armour
 i - a +0 plate armour (worn)
   (You found it on level 7 of the Dungeon)
 j - a +0 pair of boots (worn)
   (You found it on level 3 of the Dungeon)
 p - a scarf of invisibility (worn)
   (You found it on level 4 of the Dungeon)
 y - a +2 scale mail of fire resistance
   (You took it off an orc priest on level 5 of the Dungeon)
Jewellery
 d - an amulet of faith (around neck) {!P}
   (You found it on level 1 of the Dungeon)
 e - a ring of magical power
   (You found it on level 1 of the Dungeon)
 B - a +4 ring of slaying (left hand)
   (You found it on level 6 of the Dungeon)
 L - a +4 ring of evasion (right hand)
   (You found it on level 9 of the Dungeon)
Wands
 u - a wand of charming (10)
   (You found it on level 5 of the Dungeon)
 E - a wand of light (11)
   (You found it on level 8 of the Dungeon)
Scrolls
 g - 2 scrolls of enchant armour
 m - a scroll of vulnerability {unknown}
 n - 4 scrolls of immolation {!r}
 G - a scroll of silence {unknown}
 K - a scroll of blinking {unknown}
Potions
 h - 3 potions of curing {unknown}
 k - 2 potions of magic {unknown}
 o - 3 potions of lignification {unknown}
 s - 2 potions of degeneration {unknown}
 v - a potion of flight {unknown}
 w - 2 potions of attraction {!q}
 x - 3 potions of brilliance {unknown}
 A - 2 potions of ambrosia
 C - a potion of heal wounds {unknown}
 D - 3 potions of resistance {unknown}
 H - a potion of mutation {unknown}
 J - a potion of might {unknown}


   Skills:
 + Level 8.1 Fighting
 * Level 10.6 Axes
 + Level 3.6 Ranged Weapons
 - Level 2.4 Armour
 - Level 5.7 Dodging
 - Level 4.7 Stealth
 + Level 4.7 Evocations


You had 8 spell levels left.
You didn't know any spells.
Your spell library was empty.

Dungeon Overview and Level Annotations

Branches:
Dungeon (9/15)             Temple (0/1) D:7
   Lair: D:8-11         Orc: D:9-12

Altars:
Cheibriados
Dithmenos
Elyvilon
Trog
Vehumet
Wu Jian
Yredelemnul
Zin

Annotations:
D:8 1 runed translucent door, IdlyInterested's ghost, journeyman DsGl
D:9 Joseph


Innate Abilities, Weirdness & Mutations

You have a pair of horns on your head.
You reflexively headbutt those who attack you in melee.


Message History

Trog accepts your kill.
Trog appreciates your killing of a magic user.
Reactivating autopickup.
You feel a bit more experienced.
Your Fighting skill increases to level 8!
You barely miss the orc warrior. You slice the orc!!
You kill the orc!
Trog accepts your kill.
You are no longer berserk.
You are exhausted.
You feel yourself slow down. The steam dragon breathes steam at you.
The ball of steam hits you!
* * * LOW HITPOINT WARNING * * *
The orc warrior barely misses you.
You are engulfed in a cloud of scalding steam.
The steam dragon bites you but does no damage.
The steam dragon completely misses you.
The orc warrior hits you with a +0 war axe!
* * * LOW HITPOINT WARNING * * *
Things that are here:
a +0 shortbow; a centaur corpse You slash the steam dragon!
Your headbutt misses the steam dragon.
You hit the orc warrior but do no damage.
You are engulfed in a cloud of scalding steam.
Your butterfly disappears in a burst of colours!
The steam dragon breathes steam at you. The ball of steam hits you!
* * * LOW HITPOINT WARNING * * *
The orc warrior barely misses you. You furiously retaliate!
You headbutt the orc warrior, but do no damage.
The orc warrior hits you with a +0 war axe.
* * * LOW HITPOINT WARNING * * *
The steam dragon closely misses you. You furiously retaliate!
You headbutt the steam dragon! The steam dragon barely misses you.
You slash the steam dragon!
You kill the steam dragon!
Trog accepts your kill.
You hit the orc warrior.
You are engulfed in a cloud of scalding steam.
* * * LOW HITPOINT WARNING * * *
Your butterfly disappears in a burst of colours!
The orc warrior hits you with a +0 war axe!
* * * LOW HITPOINT WARNING * * *
The orc warrior barely misses you. You furiously retaliate!
You headbutt the orc warrior, but do no damage.
You completely miss the orc warrior. You hit the lemure.
Your butterfly disappears in a burst of colours! x3
The orc warrior misses you. The lemure hits you!
You die...

... ...##.. ..
#.##.......
..#####........<.
...#.............
......))b........
......).).....)..
.......b)).......
.........).......
!.###.§@5#).....5 .
#.§o##.......
#..#..#....... ...
#.. #..#..........
...##..
##..#....b.....
...D...
#..##..........
.......
#..##..........
.....##..##........
#...#...##b.bb..##


You could see an orc warrior and a lemure.

Vanquished Creatures
  Sigmund (D:5)
  A wraith (D:9)
  Menkaure (D:6)
  3 steam dragons
  An acid dragon (D:9)
  An orc warrior (D:9)
  A sky beast (D:8)
  A black bear (D:7)
  An ice beast (D:5)
  3 centaurs
  5 ogres
  4 phantoms
  2 kobold brigands
  A bullfrog (D:8)
  2 necrophages
  A scorpion (D:5)
  6 killer bees
  2 jellies (D:6)
  An orc priest (D:5)
  A gnoll bouda (D:8)
  2 hounds
  3 iguanas
  5 orc wizards
  10 gnolls
  6 adders
  A shadow imp (D:8)
  A white imp (D:7)
  A dart slug (D:3)
  38 orcs
  9 ball pythons
  5 endoplasms
  4 giant cockroaches
  5 goblins
  7 hobgoblins
  8 jackals
  3 quokkas
  10 bats
  5 frilled lizards
  12 kobolds
  5 rats
179 creatures vanquished.

Vanquished Creatures (others)
  A killer bee (D:6)
  2 plants
3 creatures vanquished.

Grand Total: 182 creatures vanquished

Notes
Turn   | Place    | Note
-------+----------+-------------------------------------------
     0 | D:1      | Pooter the Minotaur Berserker began the quest for the Orb.
     0 | D:1      | Reached XP level 1. HP: 19/19 MP: 0/0
   211 | D:1      | Reached XP level 2. HP: 25/27 MP: 1/1
   378 | D:1      | Reached skill level 1 in Stealth
   718 | D:1      | Reached ** piety under Trog
   825 | D:1      | Found a faded altar of an unknown god.
   831 | D:1      | Reached XP level 3. HP: 33/33 MP: 2/2
   921 | D:1      | Reached skill level 4 in Axes
  2007 | D:3      | Reached XP level 4. HP: 40/40 MP: 3/3
  2524 | D:3      | Reached XP level 5. HP: 47/47 MP: 4/4
  2884 | D:4      | Noticed an ogre
  2891 | D:4      | Killed an ogre
  2892 | D:4      | Reached skill level 5 in Axes
  2892 | D:4      | Reached XP level 6. HP: 55/55 MP: 5/5
  3120 | D:4      | Reached skill level 5 in Fighting
  3260 | D:4      | Reached *** piety under Trog
  3379 | D:4      | Reached skill level 1 in Evocations
  3546 | D:4      | Reached skill level 6 in Axes
  3546 | D:4      | Reached XP level 7. HP: 50/61 MP: 6/6
  3709 | D:5      | Entered Level 5 of the Dungeon
  3874 | D:5      | Found a bloodstained altar of Trog.
  3879 | D:5      | Found an ornate altar of the Wu Jian Council.
  4138 | D:5      | Noticed Sigmund
  4141 | D:5      | Killed Sigmund
  4142 | D:5      | Reached skill level 7 in Axes
  4142 | D:5      | Reached XP level 8. HP: 70/70 MP: 7/7
  4314 | D:5      | Found a shadowy altar of Dithmenos.
  4337 | D:5      | Reached skill level 5 in Dodging
  4660 | D:6      | Reached skill level 8 in Axes
  4791 | D:6      | Noticed Menkaure
  4796 | D:6      | Killed Menkaure
  4927 | D:6      | Found a radiant altar of Vehumet.
  4947 | D:6      | Reached **** piety under Trog
  5197 | D:6      | Reached XP level 9. HP: 65/78 MP: 8/8
  6002 | D:7      | Found a staircase to the Ecumenical Temple.
  6205 | D:7      | Reached skill level 9 in Axes
  6205 | D:7      | Reached skill level 1 in Ranged Weapons
  6766 | D:8      | Found a glowing silver altar of Zin.
  6769 | D:8      | Found a snail-covered altar of Cheibriados.
  6772 | D:8      | Found a basalt altar of Yredelemnul.
  6775 | D:8      | Found a white marble altar of Elyvilon.
  7037 | D:8      | Found a runed translucent door.
  7040 | D:8      | Noticed a centaur warrior
  7040 | D:8      | Noticed IdlyInterested's ghost (journeyman DsGl)
  7793 | D:9      | Noticed Joseph
  7815 | D:9      | Reached skill level 10 in Axes
  7832 | D:9      | HP: 3/81 [orc warrior/+0 war axe (13)]
  7833 | D:9      | Slain by a lemure

Illustrated notes

Levels and vault maps discovered:
D:1:      dpeg_arrival_rooms_c, layout_loops_corners, serial_rivers,
          chequers_serial_rivers_micro_d, chequers_serial_rivers_micro_d,
          chequers_serial_rivers_micro_b, chequers_serial_rivers_room_a,
          chequers_serial_rivers_small_3,
          shapermc_ecumenical_altar_mp_ritualfount, st_stairs_8
D:2:      layout_rooms
D:3:      layout_loops_ring
D:4:      layout_loops_ring
D:5:      layout_loops_cross, mainiacjoe_overflow_concentric_impassable,
          mainiacjoe_overflow_big_doors, uniq_sigmund
D:6:      layout_basic, mainiacjoe_overflow_paths, uniq_menkaure
D:7:      layout_basic, minmay_temple_entry_arrows, roderic_lattice_a,
          minmay_strange_pillars
D:8:      layout_cave_pods, grunt_temple_overflow_cloverleaf,
          ebering_ghost_inner_flame, grunt_decor_junction, st_stairs_7
D:9:      layout_rooms, david_orc_3, uniq_pikel, uniq_joseph

Skill      XL: |  1  2  3  4  5  6  7  8  9 |
---------------+----------------------------+-----
Stealth        | 1 2 3 4 |  4.7
Axes           | 4 5 6 7 8 10 | 10.6
Fighting       | 4 5 6 8 |  8.1
Dodging        | 3 4 5 |  5.7
Evocations     | 1 2 3 4 |  4.7
Ranged Weapons | 3 |  3.6
Armour         | |  2.4

Action                   |  1- 3 |  4- 6 |  7- 9 || total
-------------------------+-------+-------+-------++-------
Melee: Hand axe          |    85 |    38 |       ||   123
       Headbutt          |     6 |    15 |    27 ||    48
       Punch             |     2 |     1 |       ||     3
       Battleaxe         |       |    66 |   154 ||   220
 Fire: Shortbow          |       |       |    35 ||    35
Throw: Stone             |       |     5 |       ||     5
Invok: Trog's Hand       |       |     3 |     3 ||     6
       Berserk           |       |     2 |     7 ||     9
Evoke: Wand              |       |       |     1 ||     1
  Use: Scroll            |     2 |       |     9 ||    11
Armor: Animal skin       |     1 |       |       ||     1
       Ring mail         |    30 |       |       ||    30
       Scale mail        |       |    39 |    53 ||    92
       Plate armour      |       |       |    43 ||    43
Dodge: Dodged            |    75 |    61 |   117 ||   253

Table legend: (Time is in decaauts)
 A = Elapsed time spent in this place.
 B = Non-inter-level travel time spent in this place.
 C = Inter-level travel time spent in this place.
 D = Time resting spent in this place.
 E = Time spent auto-exploring this place.
 F = Levels seen in this place.
 G = Mean time per level.
                   A        B        C        D        E       F      G
               +--------+--------+--------+--------+--------+-----+--------+
         Total |   8001 |   7751 |    250 |    847 |   5711 |   9 |  889.0 |
       Dungeon |   8001 |   7751 |    250 |    847 |   5711 |   9 |  889.0 |
               +--------+--------+--------+--------+--------+-----+--------+

Top non-repeatable levels by time:
     D:1: 1226 daAuts
     D:6: 1175 daAuts
     D:8: 1087 daAuts
     D:7: 1019 daAuts
     D:4: 996 daAuts
     D:3: 906 daAuts
     D:5: 897 daAuts
     D:2: 637 daAuts
     D:9: 53 daAuts
